 Dungeon Crawl Stone Soup version 0.27.0-1-g7a089689b8 (webtiles) character file.

Game seed: 726578211614829030

2103 SnakkuSnakku7 the Thaumaturge (level 9, 57/57 HPs)
             Began as a Djinni Artificer on Aug 15, 2021.
             Got out of the dungeon alive.
             The game lasted 00:14:28 (6236 turns).

SnakkuSnakku7 the Thaumaturge (Djinni Artificer)    Turns: 6236, Time: 00:14:30

Health: 57/57      AC:  6    Str: 11    XL:     9   Next: 53%
Gold:   87         EV: 20    Int: 16    God:
                   SH:  0    Dex: 14

rFire    + + .     SeeInvis .   a - +1 spear (venom)
rCold    x . .     Faith    .   (no shield)
rNeg     . . .     Spirit   .   b - +0 leather armour
rPois    ∞         Reflect  .   t - +0 helmet
rElec    .         Harm     .   f - +0 cloak
rCorr    .         Rampage  .   l - +0 pair of gloves
Will     .....                  (boots unavailable)
Stlth    +.........             (no amulet)
HPRegen  0.19/turn              H - +4 ring of evasion
MPRegen  0.00/turn              r - +4 ring of evasion

@: flying
A: sickness immunity, fire resistance 2, cold vulnerability 1, float, innate
caster, hp casting, extra vitality 1
a: no special abilities


You escaped.
You visited 2 branches of the dungeon, and saw 7 of its levels.
You also visited: Ossuary.

You collected 357 gold pieces.
You spent 270 gold pieces at shops.

Inventory:

Hand Weapons
 a - a +1 spear of venom (weapon)
 u - a +2 dagger of draining
 z - a +0 club
Armour
 b - a +0 leather armour (worn)
 f - a +0 cloak (worn)
 k - a +0 ring mail of fire resistance
 l - a +0 pair of gloves (worn)
 t - a +0 helmet (worn)
Jewellery
 r - a +4 ring of evasion (right hand)
 G - a ring of protection from fire
 H - a +4 ring of evasion (left hand)
Wands
 c - a wand of flame (7)
 d - a wand of charming (15)
 m - a wand of paralysis (8)
 y - a wand of iceblast (11)
Scrolls
 g - 3 scrolls of vulnerability {unknown}
 i - 3 scrolls of magic mapping
 n - 4 scrolls of enchant armour {unknown}
 p - 6 scrolls of teleportation
 s - 2 scrolls of immolation {unknown}
 v - a scroll of brand weapon {unknown}
 C - 2 scrolls of enchant weapon {unknown}
 E - a scroll of torment {unknown}
 F - a scroll of holy word
 J - 6 scrolls of identify
 K - a scroll of fog
Potions
 h - 6 potions of curing
 j - 4 potions of haste {unknown}
 o - 3 potions of attraction
 q - 3 potions of lignification
 w - 3 potions of resistance {unknown}
 x - a potion of mutation
 A - a potion of brilliance
 B - 2 potions of heal wounds
 D - a potion of berserk rage
 I - 3 potions of magic {unknown}
 L - a potion of flight {unknown}
Miscellaneous
 e - a piece from Xom's chessboard (15/15)


   Skills:
 - Level 1.0 Fighting
 - Level 1.0 Armour
 - Level 2.1 Dodging
 - Level 0.7 Stealth
 + Level 9.2 Spellcasting
 - Level 3.0 Evocations


You had 17 spell levels left.
You knew the following spells:

 Your Spells              Type           Power      Damage    Failure   Level
a - Foxfire               Conj/Fire      100%       2x1d9     1%          1
b - Blink                 Tloc           N/A        N/A       1%          2
c - Ignite Poison         Fire/Tmut/Pois 36%        N/A       1%          3
d - Portal Projectile     Hex/Tloc       72%        N/A       1%          3
Your spell library was empty.

Dungeon Overview and Level Annotations

Branches:
Dungeon (6/15)             Temple (1/1) D:6         Ossuary (visited)

Altars:
Cheibriados
Dithmenos
Elyvilon
Hepliaklqana
Nemelex Xobeh
Qazlal
Trog
Uskayaw
Vehumet
Wu Jian
Yredelemnul
The Shining One

Shops:
D:1 ?   D:5 (


Innate Abilities, Weirdness & Mutations

You are immune to sickness and miasma.
You are immune to poison.
Your flesh is very heat resistant. (rF++)
You are vulnerable to cold. (rC-)
You float through the air rather than walking.
You learn spells naturally, not from books.
Your magical power is your life essence.
You have superior vitality. (+4 HP)


Message History

Where to? (Enter - D:6, ? - help)
There is a stone staircase leading up here.
You fly upwards.
There is a stone staircase leading down here.
(D) Dungeon (T) Temple
Where to? (Enter - D:5, ? - help)
There is an open door here.
There is a stone staircase leading up here.
You fly upwards.
There is a stone staircase leading down here.
(D) Dungeon (T) Temple
Where to? (Enter - D:4, ? - help)
There is a stone staircase leading up here.
You fly upwards.
There is a stone staircase leading down here.
(D) Dungeon (T) Temple
Where to? (Enter - D:3, ? - help)
There is a stone staircase leading up here.
You fly upwards.
There is a stone staircase leading down here.
Key pressed, stopping travel.
(D) Dungeon (T) Temple
Where to? (Enter - D:2, ? - help)
There is a stone staircase leading up here.
You fly upwards.
There is a stone staircase leading down here.
Key pressed, stopping travel.
(D) Dungeon (T) Temple
Where to? (Enter - D:1, ? - help)
Okay, then.
(D) Dungeon (T) Temple
Where to? (Enter - D:1, ? - help)
Okay, then.
There is a staircase leading out of the dungeon here.
Are you sure you want to leave the Dungeon?
This will make you lose the game!
Alright, then stay!
Unknown command.
Unknown command.
Are you sure you want to leave the Dungeon?
This will make you lose the game!
You have escaped!

..♣♣..♣.♣♣.♣...♣.♣#..............
......♣♣.♣♣..♣♣♣.♣#.........#####
♣...♣..♣.♣.♣♣♣..♣♣#.........#
♣..♣...♣..♣♣♣.♣..♣#.........#
.....♣..♣.♣...♣♣:♣#.........#
.♣♣.♣♣..♣♣.♣.♣♣..♣#.......>.#
.♣..♣..♣.♣..♣..♣.♣#.........#
♣)♣..(♣♣.♣♣..♣♣..♣#.........#
♣...♣..♣♣...♣..♣@♣#......####
♣♣♣♣♣♣♣♣♣♣♣♣♣♣♣♣♣♣#..#########
###################..#⌠..∩..⌠#
.....................#..≈≈≈..#
.......####.##.(.....#.≈≈≈≈≈.#
.......# #.##.......#.≈≈≈≈≈.#
.....### #..........#.≈≈≈≈≈.#
.....# ##########.#..≈≈≈..#
.....# #.##.....##


There were no monsters in sight!

Vanquished Creatures
  Eustachio (D:6)
  Edmund (D:6)
  A black bear (D:6)
  2 necrophages (D:6)
  A sky beast (D:5)
  An ice beast (D:6)
  An ogre (D:4)
  A centaur (D:6)
  A bullfrog (D:6)
  A water moccasin skeleton (D:4)
  2 howler monkeys (D:5)
  A bullfrog zombie (D:6)
  3 centaur zombies
  2 hounds
  A jelly (D:5)
  A bullfrog skeleton (D:4)
  A centaur skeleton (D:4)
  A killer bee zombie (D:6)
  4 ogre zombies (Ossuary)
  7 mummies (Ossuary)
  Robin (D:3)
  11 adders
  3 gnolls (D:5)
  2 shadow imps
  2 ufetubi
  3 adder zombies (Ossuary)
  A worm (D:2)
  A dart slug (D:5)
  9 orcs
  2 bats (D:1)
  6 endoplasms
  4 giant cockroaches
  22 goblins
  8 hobgoblins
  5 jackals
  4 quokkas
  5 ball pythons
  6 frilled lizards
  A gnoll zombie (Ossuary)
  3 goblin zombies (Ossuary)
  A hobgoblin zombie (Ossuary)
  6 kobolds
  A kobold zombie (Ossuary)
  An orc zombie (Ossuary)
  A quokka skeleton (D:4)
  2 quokka zombies (Ossuary)
  8 rats
  2 rat zombies (Ossuary)
155 creatures vanquished.

Vanquished Creatures (others)
  282 foxfires
  2 withered plants (D:1)
284 creatures vanquished.

Grand Total: 439 creatures vanquished

Notes
Turn   | Place    | Note
-------+----------+-------------------------------------------
     0 | D:1      | SnakkuSnakku7 the Djinni Artificer began the quest for the
                  | Orb.
     0 | D:1      | Reached XP level 1. HP: 17/17 MP: 0/0
    87 | D:1      | Reached skill level 1 in Spellcasting
    87 | D:1      | Reached XP level 2. HP: 21/22 MP: 0/0
   488 | D:1      | Reached XP level 3. HP: 27/27 MP: 0/0
   488 | D:1      | Learned a level 1 spell: Foxfire
   583 | D:1      | Found a faded altar of an unknown god.
   665 | D:1      | Found Ykharehiarph's Magic Scroll Boutique.
   674 | D:1      | Bought a scroll of teleportation for 36 gold pieces
   674 | D:1      | Bought a scroll of teleportation for 36 gold pieces
   970 | D:2      | Reached skill level 2 in Spellcasting
  1235 | D:2      | Reached XP level 4. HP: 32/32 MP: 0/0
  1749 | D:3      | Found a white marble altar of Elyvilon.
  1953 | D:3      | Reached skill level 3 in Spellcasting
  2110 | D:3      | Noticed Robin
  2119 | D:3      | Reached XP level 5. HP: 35/37 MP: 0/0
  2119 | D:3      | Learned a level 2 spell: Blink
  2175 | D:3      | Killed Robin
  2354 | D:4      | Found Raecocuff's Assorted Antiques.
  2552 | D:4      | Reached skill level 4 in Spellcasting
  2552 | D:4      | Reached XP level 6. HP: 16/42 MP: 0/0
  2635 | D:4      | Noticed an ogre
  2928 | D:4      | Killed an ogre
  3086 | D:4      | Found a hazy altar of Hepliaklqana.
  3246 | D:5      | Entered Level 5 of the Dungeon
  3290 | D:5      | Reached XP level 7. HP: 21/47 MP: 0/0
  3290 | D:5      | Learned a level 3 spell: Ignite Poison
  3308 | D:5      | Found a glowing drain.
  3316 | D:5      | HP: 2/47 [gnoll sergeant (4)]
  3363 | D:5      | Found a sand-covered staircase.
  3368 | Ossuary  | Entered an ossuary
  3395 | Ossuary  | Reached skill level 5 in Spellcasting
  4090 | D:5      | Reached skill level 6 in Spellcasting
  4211 | D:5      | Reached XP level 8. HP: 47/52 MP: 0/0
  4372 | D:5      | Found Xunlurre's Antique Weapon Shoppe.
  4862 | D:1      | Bought a scroll of identify for 24 gold pieces
  4862 | D:1      | Bought a scroll of identify for 24 gold pieces
  4862 | D:1      | Bought a scroll of identify for 24 gold pieces
  4862 | D:1      | Bought a scroll of teleportation for 36 gold pieces
  4862 | D:1      | Bought a scroll of fog for 24 gold pieces
  4862 | D:1      | Bought a scroll of identify for 24 gold pieces
  4862 | D:1      | Bought a scroll of magic mapping for 42 gold pieces
  4987 | D:6      | Noticed Edmund
  5005 | D:6      | Killed Edmund
  5006 | D:6      | Reached skill level 7 in Spellcasting
  5025 | D:6      | Found a sparkling altar of Nemelex Xobeh.
  5114 | D:6      | Noticed Eustachio
  5123 | D:6      | Killed Eustachio
  5401 | D:6      | Reached XP level 9. HP: 41/57 MP: 0/0
  5401 | D:6      | Learned a level 3 spell: Portal Projectile
  5450 | D:6      | Reached skill level 8 in Spellcasting
  5483 | D:6      | Found an ornate altar of the Wu Jian Council.
  5493 | D:6      | Found a bloodstained altar of Trog.
  5502 | D:6      | Found a basalt altar of Yredelemnul.
  5505 | D:6      | Found a snail-covered altar of Cheibriados.
  5639 | D:6      | Reached skill level 9 in Spellcasting
  5935 | D:6      | Found a staircase to the Ecumenical Temple.
  5947 | Temple   | Entered the Ecumenical Temple
  6236 | D:$      | Got out of the dungeon alive.

Illustrated notes

Levels and vault maps discovered:
D:1:      erik_arrival_cave_to_civilisation [erik_arrival_cave_to_hall],
          layout_rooms, serial_shops, nicolae_lakefront_shop,
          shapermc_ecumenical_altar_flowoftime
D:2:      layout_basic, minmay_quantized
D:3:      kennysheep_goblin_castle, layout_rooms, nicolae_elyvilon_temple_path
D:4:      layout_loops_cross, nicolae_hepliaklqana_hippocampus, serial_shops,
          kennysheep_mini
D:5:      layout_basic, portal_sewer_entry_f, serial_shops,
          nicolae_diamond_shop, nicolae_ossuary_entry_false_entrances,
          grunt_ministairs_15, hangedman_abyss_or_decor_jellyfish_corner
D:6:      layout_layer_cave, minmay_overflow_temple_star_hex,
          kennysheep_little_box, minmay_temple_entry_statues_pillars,
          uniq_eustachio, uniq_edmund
Temple:   minmay_temple_curvy_branch

Skill      XL: |  1  2  3  4  5  6  7  8  9 |
---------------+----------------------------+-----
Spellcasting   | 1 2 3 4 6 7 9 |  9.2
Fighting       | |  1.0
Armour         | |  1.0
Dodging        | |  2.1
Stealth        | |  0.7
Evocations     | |  3.0

Action                   |  1- 3 |  4- 6 |  7- 9 || total
-------------------------+-------+-------+-------++-------
Melee: Club              |   105 |    48 |       ||   153
       Dagger            |       |    49 |     2 ||    51
       Spear             |       |       |   268 ||   268
 Cast: Foxfire           |     9 |    74 |    86 ||   169
       Blink             |       |     4 |       ||     4
       Ignite Poison     |       |       |     2 ||     2
Evoke: Wand              |     1 |       |     7 ||     8
  Use: Scroll            |       |     2 |     7 ||     9
       Potion            |       |       |     1 ||     1
 Stab: Sleeping          |       |       |     3 ||     3
Armor: Leather armour    |    44 |    53 |   103 ||   200
Dodge: Dodged            |    91 |    86 |   304 ||   481
